 Dungeon Crawl Stone Soup version 0.25-a0-294-gea9b1ad378 (webtiles) character file.

Game seed: 17807256264156893593, levelgen mode: deterministic

659 MoonlitKnight the Spear-Bearer (level 7, 0/55 HPs)
             Began as a Merfolk Skald on Dec 18, 2019.
             Was an Initiate of Ashenzari.
             Slain by a killer bee (7 damage)
             ... on level 7 of the Dungeon.
             The game lasted 00:14:46 (6946 turns).

MoonlitKnight the Spear-Bearer (Merfolk Skald)      Turns: 6946, Time: 00:14:46

Health: 0/55       AC:  6    Str: 12    XL:     7   Next: 55%
Magic:  10/10      EV: 19    Int: 12    God:    Ashenzari [......]
Gold:   212        SH:  0    Dex: 15    Spells: 1/10 levels left

rFire    . . .     SeeInvis .   a - +0 trident
rCold    . . .     Gourm    .   (no shield)
rNeg     . . .     Faith    .   D - +0 ring mail
rPois    .         Spirit   .   y - +0 hat
rElec    .         Reflect  .   (no cloak)
rCorr    .         Harm     .   (no gloves)
MR       +....                  m - +0 pair of boots
Stlth    +.........             (no amulet)
HPRegen  0.18/turn              p - +6 ring of evasion
MPRegen  0.12/turn              h - ring of protection from magic

@: lethally poisoned (0 -> -3)
A: change form in water, swift swim, stealthy swim
a: Curse Item, Renounce Religion


You were on level 7 of the Dungeon.
You worshipped Ashenzari.
Ashenzari was noncommittal.
You were not hungry.

You visited 2 branches of the dungeon, and saw 8 of its levels.

You collected 212 gold pieces.

Inventory:

Hand Weapons
 a - a +0 trident (weapon)
 b - a +4 hunting sling
Missiles
 s - 50 sling bullets
 u - 43 poisoned darts (quivered)
Armour
 m - a +0 pair of boots (worn)
 y - a +0 hat (worn)
 A - a +0 buckler
 D - a +0 ring mail (worn)
Jewellery
 e - an uncursed ring of ice
 h - a ring of protection from magic (right hand)
 i - an uncursed ring of magical power
 p - a +6 ring of evasion (left hand)
Wands
 l - a wand of enslavement (5)
 F - a wand of flame (18)
Scrolls
 c - a scroll of remove curse
 f - a scroll of teleportation
 g - 2 scrolls of amnesia
 k - a scroll of immolation {unknown}
 o - 6 scrolls of identify
 r - a scroll of random uselessness {unknown}
 t - a scroll of fear {unknown}
 v - a scroll of enchant weapon {unknown}
 C - a scroll of enchant armour {unknown}
Potions
 j - 3 potions of flight {unknown}
 n - 2 potions of curing {unknown}
 q - 2 potions of lignification {unknown}
 w - 2 potions of brilliance {unknown}
 x - 2 potions of magic {unknown}
 z - a potion of berserk rage {unknown}
 B - 3 potions of might {unknown}
Comestibles
 d - 9 rations


   Skills:
 + Level 4.7 Fighting
 * Level 8.7 Polearms
 - Level 0.6 Armour
 + Level 5.7 Dodging
 - Level 2.0 Spellcasting
 - Level 3.2 Charms


You had one spell level left.
You knew the following spells:

 Your Spells              Type           Power        Failure   Level  Hunger
a - Infusion              Chrm           #...         16%         1    ##.....
b - Shroud of Golubria    Chrm/Tloc      #.....       43%         2    ###....
c - Spectral Weapon       Hex/Chrm       #.......     67%         3    ####...
d - Regeneration          Chrm/Necr      #.........   67%         3    ####...

Your spell library contained the following spells:

 Spells                   Type           Power        Failure   Level  Hunger
 Beastly Appendage        Tmut           #.....       52%         1    ##.....
 Shock                    Conj/Air       #...         52%         1    ##.....
 Song of Slaying          Chrm           #.......     24%         2    ###....
 Swiftness                Chrm/Air       #.......     43%         2    ###....
 Sticks to Snakes         Tmut           #.......     67%         2    ###....
 Spider Form              Tmut/Pois      #.........   88%         3    ####...
 Static Discharge         Conj/Air       #.......     88%         3    ####...
 Airstrike                Air            #.........   99%         4    #####..
 Ice Form                 Ice/Tmut       #.......     99%         4    #####..
 Blade Hands              Tmut           #.........   100%        5    ######.
 Lightning Bolt           Conj/Air       #.........   100%        5    ######.


Dungeon Overview and Level Annotations

Branches:
Dungeon (7/15)             Temple (1/1) D:6

Altars:
Ashenzari
Cheibriados
Dithmenos
Elyvilon
Gozag
Hepliaklqana
Kikubaaqudgha
Qazlal
Ru
Sif Muna
Trog
Uskayaw
Vehumet
Yredelemnul
Zin
The Shining One


Message History

You feel sick. The killer bee misses you. x2
You feel sick. The killer bee barely misses you. The killer bee stings you.
You feel sick. The killer bee closely misses you.
The killer bee completely misses you.
The killer bee closely misses you. x2; The killer bee misses you.
Your magical contamination has completely faded away.
You feel sick. The killer bee completely misses you. The killer bee stings you.
The killer bee misses you.
The orc wizard looks satisfied for a moment.
You feel sick. The killer bee misses you. The killer bee completely misses you.
The killer bee stings you.
* * * LOW HITPOINT WARNING * * *
The killer bee completely misses you. The killer bee stings you.
* * * LOW HITPOINT WARNING * * *
The killer bee completely misses you. The killer bee stings you.
* * * LOW HITPOINT WARNING * * *
The killer bee stings you but does no damage.
You feel sick. The killer bee stings you!
You die...

.#........# .......#.....
.#........#..... .......'.....
.##...##..# ....###+########.....
.##...##..###...................#
............#...................#
.o..........#...................#
............#...................#
###...##....#...................#
..#o..##....#...@....#+###'######
.y'.y..#....#..y.y...#.....#
.y#....#....#..yyy...'.....#
..#....#....'........#.....#
..###########........#..##.#
#.o.....o..oo......#######.#
#..................#.....+..
#..................#.....#...
#..................'.....#....


You could see 5 killer bees and an orc wizard.

Vanquished Creatures
  A scorpion (D:4)
  A centaur zombie (D:4)
  A hound (D:4)
  A bullfrog skeleton (D:5)
  A jelly (D:3)
  An orc priest (D:6)
  2 iguanas (D:4)
  3 worker ants
  5 orc wizards
  5 adders
  An ooze (D:2)
  2 adder skeletons
  4 worms
  3 dart slugs
  6 leopard geckos
  26 orcs
  7 giant cockroaches
  A goblin (D:1)
  13 hobgoblins
  4 jackals
  4 quokkas
  A ball python (D:2)
  5 bats
  3 frilled lizards
  A jackal skeleton (D:7)
  12 kobolds
  7 rats
121 creatures vanquished.

Notes
Turn   | Place    | Note
-------+----------+-------------------------------------------
     0 | D:1      | MoonlitKnight the Merfolk Skald began the quest for the
                  | Orb.
     0 | D:1      | Reached XP level 1. HP: 16/16 MP: 3/3
   108 | D:1      | Reached XP level 2. HP: 23/23 MP: 0/5
   552 | D:1      | Reached skill level 4 in Polearms
   663 | D:1      | Reached XP level 3. HP: 28/28 MP: 6/6
  1353 | D:1      | Learned a level 2 spell: Shroud of Golubria
  1357 | D:1      | Learned a level 3 spell: Spectral Weapon
  1367 | D:1      | Reached XP level 4. HP: 16/34 MP: 4/7
  1597 | D:2      | Reached skill level 5 in Polearms
  1758 | D:2      | Found a snail-covered altar of Cheibriados.
  2221 | D:3      | Found a radiant altar of Vehumet.
  2271 | D:3      | Found a hazy altar of Hepliaklqana.
  2327 | D:3      | Found a glowing silver altar of Zin.
  2418 | D:3      | Reached XP level 5. HP: 21/41 MP: 8/8
  2706 | D:3      | Reached skill level 6 in Polearms
  3589 | D:4      | Reached XP level 6. HP: 22/48 MP: 3/9
  3815 | D:4      | Learned a level 3 spell: Regeneration
  3864 | D:4      | Reached skill level 7 in Polearms
  4081 | D:4      | Found a hide-covered altar of Uskayaw.
  4154 | D:4      | Reached skill level 5 in Dodging
  4579 | D:4      | Reached XP level 7. HP: 54/54 MP: 10/10
  5040 | D:5      | Entered Level 5 of the Dungeon
  5202 | D:5      | Reached skill level 8 in Polearms
  6200 | D:6      | Found a staircase to the Ecumenical Temple.
  6230 | Temple   | Entered the Ecumenical Temple
  6357 | Temple   | Became a worshipper of Ashenzari the Shackled
  6447 | D:6      | Found a shadowy altar of Dithmenos.
  6946 | D:7      | Slain by a killer bee

Levels and vault maps discovered:
D:1:      minmay_arrival_semitransparent, layout_basic, moated_statue
D:2:      layout_rooms, cheibriados_altar_1, minmay_unequal
D:3:      layout_loops_cross, marbit_many_paths, vehumet_crystals,
          overflow_temple_1_default, first_ration
D:4:      layout_loops_ring, eat_drink_and_be_merry_uskayaw
D:5:      layout_layer_cave, chequers_big_river
D:6:      layout_cave_pools, lemuel_round_altar, minmay_temple_entry_sparse_star
D:7:      layout_gridville
Temple:   dpeg_chambers_temple

Skill      XL: |  1  2  3  4  5  6  7 |
---------------+----------------------+-----
Dodging        | 3 4 5 |  5.7
Polearms       | 4 5 6 7 8 |  8.7
Fighting       | 3 4 |  4.7
Armour         | |  0.6
Spellcasting   | |  2.0
Charms         | |  3.2

Action                   |  1- 3 |  4- 6 |  7- 9 || total
-------------------------+-------+-------+-------++-------
Melee: Spear             |   141 |   262 |       ||   403
       Tailslap          |     2 |       |       ||     2
       Trident           |       |    29 |    67 ||    96
 Fire: Hunting sling     |       |    32 |    46 ||    78
 Cast: Infusion          |     1 |       |       ||     1
       Shroud of Golubri |     1 |     4 |       ||     5
       Spectral Weapon   |       |     9 |       ||     9
  Use: Scroll            |       |       |     4 ||     4
 Stab: Sleeping          |     1 |     2 |       ||     3
  Eat: Chunk             |     1 |    14 |     4 ||    19
       Ration            |       |       |     1 ||     1
Armor: Leather armour    |    23 |    43 |     1 ||    67
       Ring mail         |       |       |    13 ||    13
Dodge: Dodged            |    83 |   131 |    95 ||   309

Table legend:
 A = Non-vault XP
 B = Vault XP
 C = Vault XP percentage of total XP
 D = Non-vault monster count
 E = Vault monster count
 F = Vault count percentage of total count
                 A         B        C        D         E       F
            +---------+---------+-------+---------+---------+-------
      Total |     936 |       6 |   0.6 |     119 |       2 |   1.7
            +---------+---------+-------+---------+---------+-------
        D:1 |      53 |       0 |   0.0 |      27 |       0 |   0.0
        D:2 |      84 |       1 |   1.2 |      23 |       1 |   4.2
        D:3 |     141 |       5 |   3.4 |      23 |       1 |   4.2
        D:4 |     384 |       0 |   0.0 |      25 |       0 |   0.0
        D:5 |      63 |       0 |   0.0 |       7 |       0 |   0.0
        D:6 |     127 |       0 |   0.0 |       9 |       0 |   0.0
        D:7 |      84 |       0 |   0.0 |       5 |       0 |   0.0
            +---------+---------+-------+---------+---------+-------
